cohdb
Replays
Latest Replays
All Replays
Popular Replays
Top Player Replays
Match Explorer
How It Works
Community
CoH3 Stats
Reddit
Sign in to upload your games and track your stats! →
Sign in with Steam
Match 44138294
Unlisted
Match 44138294
Overview
Messages
Build Orders
End
Selects Special Operations Battlegroup
Construct Weapon Support Center
M1919 Machine Gun Team
M1919 Machine Gun Team
Bazooka Squad
Selects M29 Weasel Recon Vehicle
Bazooka Squad
Selects Smoke Screen
Smoke Screen
Air Support Center
Double Sortie
M3 Armored Personnel Carrier
Grasshopper Recon Run
P-47 Strafing Run
Grasshopper Recon Run
Smoke Screen
P-47 Strafing Run
Selects SSF Commando Squad
SSF Commando Squad
Grasshopper Recon Run
SSF Commando Squad
P-47 Strafing Run
Ozzi
都给老子冲
kristof
兄弟别打!自己人
XuZhongwei
Ben.SEZ
TwoBe3rs
KOCATEPE
0
0
Comments
sign in to comment!
No comments posted yet!